 Dungeon Crawl Stone Soup version 0.18-a0-946-g3ac5b32 (webtiles) character file.

331 pk666 the Skirmisher (level 6, -1/58 HPs)
             Began as a Minotaur Berserker on Dec 29, 2015.
             Was a Priest of Trog.
             Slain by an ogre
             ... wielding a +0 giant spiked club
              (18 damage)
             ... on level 4 of the Dungeon.
             The game lasted 00:05:56 (3478 turns).

pk666 the Skirmisher (Minotaur Berserker)           Turns: 3478, Time: 00:05:56

Health: -1/58      AC:  6    Str: 23    XL:     6   Next: 26%
Magic:  5/5        EV: 10    Int:  4    God:    Trog [***...]
Gold:   287        SH:  0    Dex: 10    Spells: 0 memorised, 5 levels left

rFire  . . .     SeeInvis .     a - +0 hand axe
rCold  . . .     Gourm    .     k - +0 scale mail
rNeg   . . .     Faith    .     (no shield)
rPois  .         Spirit   .     (helmet restricted)
rElec  .         Dismiss  .     (no cloak)
rCorr  .         Reflect  .     (no gloves)
SustAt .         Harm     .     (no boots)
MR     .....                    s - amulet of regeneration
Stlth  ..........               (no ring)
                                (no ring)

@: not resistant to hostile enchantments, extremely unstealthy
A: retaliatory headbutt, horns 2
a: Berserk, Trog's Hand, Burn Spellbooks, Renounce Religion


You were on level 4 of the Dungeon.
You worshipped Trog.
Trog was most pleased with you.
You were not hungry.

You visited 1 branch of the dungeon, and saw 4 of its levels.

You collected 287 gold pieces.

Inventory:

Hand Weapons
 a - a +0 hand axe (weapon)
Armour
 k - a +0 scale mail (worn)
Jewellery
 s - an amulet of regeneration (around neck)
Wands
 w - a wand of flame (30/48)
Scrolls
 d - 5 scrolls of identify
 e - a scroll of magic mapping {unknown}
 f - 3 scrolls of immolation {unknown}
 g - a scroll of teleportation {unknown}
 n - 2 scrolls of remove curse
 o - a scroll of recharging {unknown}
 p - a scroll of random uselessness {unknown}
 r - a scroll of noise {unknown}
 u - a scroll of amnesia {unknown}
 v - 2 scrolls of enchant armour {unknown}
 y - a scroll of fog {unknown}
Potions
 h - 2 potions of agility {unknown}
 i - a potion of might {unknown}
 j - a potion of flight
 l - a potion of brilliance {unknown}
 m - a potion of ambrosia {unknown}
 q - a potion of resistance {unknown}
 t - 2 potions of curing {unknown}
 x - a potion of poison {unknown}
Comestibles
 b - a beef jerky
 c - 4 bread rations
 z - a meat ration


   Skills:
 + Level 6.6 Fighting
 + Level 6.4 Axes
 - Level 2.4 Armour
 - Level 2.1 Dodging


You had 5 spell levels left.
You didn't know any spells.

Dungeon Overview and Level Annotations

Branches:
Dungeon (4/15)
 Temple: D:4-7

Altars:
Dithmenos


Innate Abilities, Weirdness & Mutations

You reflexively headbutt those who attack you in melee.
You have a pair of horns on your head.


Message History

* * * LOW HITPOINT WARNING * * *
You are too injured to fight recklessly!
You are too injured to fight recklessly!
You are too injured to fight recklessly!
You are too injured to fight recklessly!
You are too injured to fight recklessly!
You are too injured to fight recklessly!
You are too injured to fight recklessly!
You are too injured to fight recklessly!
You are too injured to fight recklessly!
You are too injured to fight recklessly!
You hit the ogre.
The ogre is almost dead.
The ogre barely misses you.
You hit the ogre but do no damage. You headbutt the ogre.
The ogre is almost dead.
Your scale mail prevents you from hitting the ogre.
The ogre is almost dead.
The ogre hits you with a giant spiked club!!
You die...

### #..##.......
##.####..... ###
#########..# ##...#
#..##..........########
#.................####
##............[###..(..
#.............## ######
##............##
#.....O@.....##
#...........##
#..........##
##.........#
#........## #......#.#
##...###.# #.## #.# ##
.##


You could see an ogre.

Vanquished Creatures
  A scorpion (D:4)
  A giant frog skeleton (D:4)
  An orc wizard (D:3)
  Ijyb (D:3)
  4 gnolls (D:3)
  6 adders
  6 worms
  2 giant geckos (D:3)
  11 orcs
  A ball python (D:3)
  8 bats
  A giant cockroach (D:3)
  11 hobgoblins
  6 jackals (D:3)
  2 quokkas (D:2)
  7 goblins
  9 kobolds
  6 rats
84 creatures vanquished.

Notes
Turn   | Place    | Note
--------------------------------------------------------------
     0 | D:1      | pk666 the Minotaur Berserker began the quest for the Orb.
     0 | D:1      | Reached XP level 1. HP: 19/19 MP: 0/0
   156 | D:1      | Reached skill level 4 in Fighting
   305 | D:1      | Reached XP level 2. HP: 25/27 MP: 1/1
   820 | D:2      | Reached XP level 3. HP: 27/34 MP: 2/2
   834 | D:2      | Reached ** piety under Trog
  1317 | D:2      | Found a shadowy altar of Dithmenos.
  1818 | D:2      | Reached skill level 5 in Fighting
  1985 | D:3      | Reached XP level 4. HP: 42/42 MP: 3/3
  2018 | D:3      | Noticed Ijyb
  2038 | D:3      | Killed Ijyb
  2038 | D:3      | Reached skill level 5 in Axes
  2277 | D:3      | Reached XP level 5. HP: 48/48 MP: 4/4
  2307 | D:3      | Reached *** piety under Trog
  2640 | D:3      | Reached skill level 6 in Fighting
  3119 | D:4      | Reached XP level 6. HP: 56/58 MP: 5/5
  3478 | D:4      | Slain by an ogre

Vault maps used:
D:1:      dpeg_arrival_pond, minmay_misc_feat_rows, minmay_crystal_water,
          minmay_misc_feat_iff
D:2:      grunt_dithmenos_smoke
D:3:      first_bread, kennysheep_generic_room_3, uniq_iyjb

Action                   |  1- 3 |  4- 6 || total
-------------------------+-------+-------++-------
Melee: Hand axe          |    79 |   139 ||   218
Invok: Berserk           |     1 |       ||     1
  Use: Scroll            |       |     2 ||     2
 Stab: Sleeping          |     1 |       ||     1
  Eat: Chunk             |     4 |     5 ||     9
